Map: Lightshade LE

Players

PaRaGoNPasT - Winner!

  • Race: Zerg Zerg
  • League: Master
  • Spawn Location: 5:00

A.I. 1 (Very Easy)

  • Race: Terran Terran
  • Spawn Location: 11:00

VOD

Have the link to the VOD?

Description

Time

  • Played on: Nov. 21, 2020, 4:29 p.m.
  • Length: 6:38
Show
View Real Time Build Order
Export as new Build Order

PaRaGoNPasT Zerg - Winner!

Build Orders: Hatch First 

Get SALT Encoding   

  12  0:00  Drone  
  13  0:12  Overlord  
  13  0:17  Drone  
  14  0:30  Drone  
  14  0:31  Drone  
  14  0:35  Drone  
  17  0:53  Hatchery  
  17  0:54  Drone  
  17  0:58  Drone  
  18  1:08  Extractor  
  17  1:13  Spawning Pool  
  17  1:15  Drone  
  17  1:19  Drone  
  18  1:28  Drone  
  19  1:38  Overlord  
  19  1:49  Drone  
  20  2:00  Queen  
  20  2:01  Zergling x2  
  23  2:04  Queen  
  23  2:05  Zergling x2  
  26  2:12  Metabolic Boost  
  26  2:14  Drone  
  28  2:15  Drone  
  28  2:22  Drone  
  29  2:26  Drone  
  30  2:36  Queen  
  32  2:38  Overlord  
  32  2:40  Queen  
  32  2:43  Overlord  
  34  2:46  Drone  
  35  2:59  Hatchery  
  35  3:02  Drone  
  35  3:05  Drone  
  36  3:07  Drone  
  36  3:08  Drone  
  36  3:11  Drone  
  39  3:15  Drone  
  39  3:16  Drone  
  39  3:19  Drone  
  43  3:20  Drone  
  43  3:21  Drone  
  44  3:32  Roach Warren, Extractor  
  42  3:37  Overlord x2  
  42  3:41  Overlord  
  42  3:44  Overlord  
  42  4:18  Roach x8  
  60  4:24  Roach  
  60  4:25  Roach  
  60  4:26  Roach  
  60  4:29  Roach  
  66  4:35  Roach  
  68  4:38  Zergling x2  
  68  4:39  Zergling x8  
  68  4:42  Zergling x2  
  68  4:44  Zergling x2  
  75  4:49  Zergling x2  
  76  4:53  Lair  
  76  4:56  Zergling x4  
  78  5:00  Spore Crawler  
  78  5:02  Spore Crawler  
  78  5:06  Drone x4  
  78  5:07  Drone  
  81  5:09  Drone  
  81  5:10  Drone  
  81  5:14  Drone  
  83  5:15  Drone  
  83  5:21  Drone  
  83  5:22  Drone  
  83  5:23  Drone  
  85  5:31  Overlord x2  
  85  5:40  Drone x4  
  89  5:42  Drone  
  89  5:44  Drone  
  88  5:59  Drone x3  
  88  6:00  Drone x3  
  88  6:01  Roach x3  
  88  6:02  Roach  
  102  6:04  Overlord  
  102  6:07  Overlord  
Show
View Real Time Build Order
Export as new Build Order

A.I. 1 (Very Easy) Terran 

Build Orders: Reaper Expand 

Get SALT Encoding   

  12  0:00  SCV  
  13  0:13  SCV  
  14  0:18  Supply Depot  
  14  0:41  Barracks  
  14  1:03  Command Center  
  14  1:30  Orbital Command, Supply Depot  
  14  1:31  Marine  
  15  1:37  Refinery  
  15  1:48  Refinery  
  15  1:56  SCV  
  16  2:08  SCV  
  16  2:15  SCV  
  18  2:17  Reaper  
  18  2:22  SCV  
  20  2:29  SCV  
  21  2:36  SCV  
  22  2:43  SCV  
  23  2:49  Refinery  
  23  2:51  SCV  
  24  2:58  SCV  
  25  3:04  Marine  
  25  3:05  SCV  
  27  3:12  SCV  
  28  3:19  SCV  
  29  3:20  Factory  
  29  3:43  SCV  
  29  3:44  Refinery  
  30  3:50  SCV  
  30  3:51  Barracks Tech Lab  
  31  3:57  Supply Depot  
  31  3:58  SCV  
  32  4:05  SCV  
  32  4:08  Starport  
  32  4:09  Marauder  
  35  4:12  SCV  
  36  4:20  SCV  
  37  4:27  SCV  
  37  4:30  Supply Depot  
  38  4:34  SCV  
  39  4:41  SCV  
  39  4:45  Starport Tech Lab  
  40  4:48  SCV  
  41  4:55  SCV  
  41  4:56  Marine  
  43  5:02  SCV  
  43  5:03  Raven  
  46  5:10  SCV  
  46  5:17  SCV  
  42  5:22  Supply Depot  
  42  5:24  SCV  
  42  5:25  Hellion  
  29  5:39  SCV  
  25  5:46  Raven  
  15  5:51  SCV  
  15  5:54  Hellion  
  8  6:09  Command Center  
Tags
 
Add a new tag
Caveats
  • Supply blocks, unpowered buildings, or Contaminate may cause inaccurate times.
  • Supply counts are checked every 10 seconds.